 Dungeon Crawl Stone Soup version 0.27-a0-1137-g3ef0f4ec91 (webtiles) character file.

Game seed: 4134766596853166527

24 jestyr24 the Shield-Bearer (level 3, -5/29 HPs)
             Began as a Human Fighter on May 6, 2021.
             Was a Follower of the Shining One.
             Slain by an orc priest
             ... wielding a +0 trident
              (6 damage)
             ... on level 2 of the Dungeon.
             The game lasted 00:03:14 (1035 turns).

jestyr24 the Shield-Bearer (Human Fighter)          Turns: 1035, Time: 00:03:14

Health: -5/29      AC:  6    Str: 16    XL:     3   Next: 15%
Magic:  4/4        EV:  7    Int:  9    God:    the Shining One [*.....]
Gold:   10         SH:  9    Dex: 12    Spells: 3/3 levels left

rFire    . . .     SeeInvis .   a - +0 war axe
rCold    . . .     Faith    .   c - +0 kite shield
rNeg     . . .     Spirit   .   b - +0 scale mail
rPois    .         Reflect  .   (no helmet)
rElec    .         Harm     .   (no cloak)
rCorr    .         Rampage  .   (no gloves)
Will     .....                  (no boots)
Stlth    ..........             (no amulet)
HPRegen  0.09/turn              (no ring)
MPRegen  0.09/turn              (no ring)

@: glowing
A: no striking features
a: Renounce Religion


You were on level 2 of the Dungeon.
You worshipped the Shining One.
The Shining One was aware of your devotion.
You visited 1 branch of the dungeon, and saw 2 of its levels.

You collected 10 gold pieces.

Inventory:

Hand Weapons
 a - a +0 war axe (weapon)
Missiles
 h - 5 poisoned darts (quivered)
Armour
 b - a +0 scale mail (worn)
 c - a +0 kite shield (worn)
Scrolls
 e - a scroll of acquirement {unknown}
 f - a scroll of fear {unknown}
Potions
 d - a potion of might
 g - a potion of haste {unknown}


   Skills:
 + Level 3.3 Fighting
 - Level 2.0 Axes
 + Level 3.1 Armour
 + Level 3.4 Shields
 * Level 0.8 Spellcasting


You had 3 spell levels left.
You didn't know any spells.
Your spell library was empty.

Dungeon Overview and Level Annotations

Branches:
Dungeon (2/15)

Altars:
The Shining One

Shops:
D:1 *


Message History

Press: ? - help, Q - select action Shift-Dir - straight line, f - orc
Aim: an orc, wielding a +0 hand axe (56% to hit)
You throw a poisoned dart.
The poisoned dart closely misses the orc.
The poisoned dart hits the orc.
You throw a poisoned dart. The poisoned dart hits the kobold.
The kobold is poisoned.
The kobold throws a stone.
The stone hits you.
You throw a poisoned dart.
The poisoned dart barely misses the kobold.
You throw a poisoned dart.
The poisoned dart barely misses the orc.
The poisoned dart hits the orc.
An orc priest comes into view. It is wielding a +0 trident.
You throw a poisoned dart.
The poisoned dart closely misses the orc. x2
The poisoned dart closely misses the orc priest.
The orc priest shouts!
The orc priest invokes the aid of Beogh against you.
Beogh smites you! You block the orc's attack. The kobold barely misses you.
You hit the orc.
The orc is severely wounded.
You hit the kobold. The orc hits you but does no damage.
The orc priest mumbles some strange prayers to Beogh against you.
Beogh smites you!
* * * LOW HITPOINT WARNING * * *
You block the kobold's attack. You block the orc's attack. x3
You barely miss the orc.
The orc is severely wounded.
Your shield and scale mail prevent you from hitting the orc.
You hit the kobold.
You kill the kobold!
The orc hits you from afar with a +0 trident.
* * * LOW HITPOINT WARNING * * *
The orc hits you but does no damage.
The orc priest looks braver for a moment.
The orc hits you but does no damage. You block the orc's attack.
The orc hits you with a +0 hand axe.
* * * LOW HITPOINT WARNING * * *
The orc priest hits you from afar with a +0 trident.
You die...

####### #.....#
#####.o...#
......o@).#
........o.#
#..##..oo.#
.........########
#.$#...(........#
#....##..######.#
....!##((## #.#
.........# #.#
########.# #.#


You could see 2 orc priests and 3 orcs.

Vanquished Creatures
  A dart slug (D:1)
  A ball python (D:1)
  2 bats (D:1)
  A giant cockroach (D:1)
  5 goblins (D:1)
  A hobgoblin (D:1)
  A quokka (D:1)
  2 frilled lizards (D:1)
  4 kobolds
  2 rats (D:1)
20 creatures vanquished.

Notes
Turn   | Place    | Note
-------+----------+-------------------------------------------
     0 | D:1      | jestyr24 the Human Fighter began the quest for the Orb.
     0 | D:1      | Reached XP level 1. HP: 18/18 MP: 1/1
   126 | D:1      | Reached XP level 2. HP: 24/24 MP: 2/2
   512 | D:1      | Reached XP level 3. HP: 22/29 MP: 4/4
   595 | D:1      | Found Zuasaz's General Store.
   675 | D:1      | Found a faded altar of an unknown god.
   859 | D:1      | Became a worshipper of the Shining One
   859 | D:1      | Reached * piety under the Shining One
  1035 | D:2      | HP: 1/29 [orc/+0 hand axe (1)]
  1035 | D:2      | Slain by an orc priest

Illustrated notes

Levels and vault maps discovered:
D:1:      lightli_molten_gateway, layout_loops_ring, serial_shops, shop,
          shapermc_ecumenical_altar_starsandcircs
D:2:      cheibrodos_pilgrimage, layout_loops_ring

Action                   || total
-------------------------++-------
Melee: War axe           ||    56
Throw: Dart              ||     5
Armor: Scale mail        ||    37
Dodge: Dodged            ||    18
Block: Kite shield       ||    34

Table legend: (Time is in decaauts)
 A = Elapsed time spent in this place.
 B = Non-inter-level travel time spent in this place.
 C = Inter-level travel time spent in this place.
 D = Time resting spent in this place.
 E = Time spent auto-exploring this place.
 F = Levels seen in this place.
 G = Mean time per level.
                   A        B        C        D        E       F      G
               +--------+--------+--------+--------+--------+-----+--------+
         Total |   1073 |    993 |     80 |      0 |    802 |   2 |  536.5 |
       Dungeon |   1073 |    993 |     80 |      0 |    802 |   2 |  536.5 |
               +--------+--------+--------+--------+--------+-----+--------+

Top non-repeatable levels by time:
     D:1: 1029 daAuts
     D:2: 44 daAuts
